 Dungeon Crawl Stone Soup version 0.30-a0-715-gdb4ae3ece1 (webtiles) character file.

Game seed: 8210374683488422028

48 OTABOTABOTAB the Shooter (level 4, -1/34 HPs)
             Began as a Formicid Hunter on Jan 23, 2023.
             Killed by nerve-wracking pain
             ... invoked by Grinder
              (13 damage)
             ... on level 3 of the Dungeon.
             The game lasted 00:02:51 (1841 turns).

OTABOTABOTAB the Shooter (Formicid Hunter)          Turns: 1841, Time: 00:02:52

Health: -1/34      AC:  3    Str: 15    XL:     4   Next: 0%
Magic:  4/4        EV: 12    Int:  9    God:
Gold:   26         SH:  0    Dex: 19    Spells: 3/3 levels left

rFire   . . .      SeeInvis +    a - +0 shortbow
rCold   . . .      Faith    .    (no shield)
rNeg    . . .      Spirit   .    c - +0 leather armour
rPois   .          Reflect  .    (helmet unavailable)
rElec   .          Harm     .    (no cloak)
rCorr   .          Rampage  .    (no gloves)
Will    .....                    (no boots)
Stlth   ++                       (no amulet)
HPRegen 0.25/turn                (no ring)
MPRegen 0.09/turn                (no ring)

@: no status effects
A: permanent stasis, dig shafts and tunnels, antennae 3, four strong arms
a: Dig, Shaft Self


You were on level 3 of the Dungeon.
You visited 1 branch of the dungeon, and saw 3 of its levels.

You collected 48 gold pieces.
You spent 22 gold pieces at shops.

Inventory:

Hand Weapons
 a - a +0 shortbow (weapon)
 b - the +9 dagger "Undertaker" {freeze, Will+ rCorr Str+3 Dex+4}
   (You found it on level 2 of the Dungeon)

   Str:       It affects your strength (+3).
   Dex:       It affects your dexterity (+4).
   rCorr:     It protects you from acid and corrosion.
   Will:      It increases your willpower.
Missiles
 f - 8 poisoned darts
 s - 23 stones
Armour
 c - a +0 leather armour (worn)
Scrolls
 K - a scroll of immolation {!r}
Potions
 d - a potion of curing {unknown}
 G - a potion of ambrosia {!q}
 L - a potion of flight
 M - a potion of magic
 P - 3 potions of lignification {!q}


   Skills:
 + Level 2.8 Fighting
 * Level 4.7 Ranged Weapons
 + Level 2.2 Dodging
 - Level 1.2 Stealth


You had 3 spell levels left.
You didn't know any spells.
Your spell library contained the following spells:

 Spells                   Type           Power      Damage    Failure   Level
 Ensorcelled Hibernation  Hex/Ice        0%         N/A       58%         2
 Inner Flame              Hex/Fire       0%         N/A       83%         3
 Spider Form              Tmut/Pois      0%         N/A       83%         3
 Anguish                  Hex/Necr       0%         N/A       99%         4
 Cause Fear               Hex            0%         N/A       99%         4
 Discord                  Hex            0%         N/A       100%        8


Dungeon Overview and Level Annotations

Branches:
Dungeon (3/15)

Altars:

Shops:
D:2 !(?*

Annotations:
D:3 Grinder


Innate Abilities, Weirdness & Mutations

You cannot be hasted, slowed, berserked, paralysed or teleported.
You can dig through walls and to a lower floor.
You have a pair of large antennae on your head. (SInv)
Your four strong arms can wield two-handed weapons with a shield.


Message History

No target in view!
No target in view!
d - a metallic inky potion A worm comes into view.
A worm is nearby!
You shoot an arrow. The arrow hits the worm.
You shoot an arrow. The arrow hits the worm.
You shoot an arrow.
The arrow hits the worm but does no damage.
You shoot an arrow. The arrow hits the worm!
You shoot an arrow. The arrow hits the worm.
You shoot an arrow. The arrow hits the worm.
You shoot an arrow.
The arrow hits the worm but does no damage.
You shoot an arrow. The arrow hits the worm!
You kill the worm!
No target in view!
You see here a worm corpse.
You see here the +9 dagger "Undertaker" {freeze, Will+ rCorr Str+3 Dex+4}.
e - the +9 dagger "Undertaker" {freeze, Will+ rCorr Str+3 Dex+4} You drop a +1 dagger of electrocution.
Adjust to which letter? (? for menu, Esc to quit)
b - the +9 dagger "Undertaker" {freeze, Will+ rCorr Str+3 Dex+4} You sense a monster nearby.
A hobgoblin comes into view.
You shoot an arrow. The arrow hits the hobgoblin!
You kill the hobgoblin!
You have reached level 4!
You feel clever.
Health restored: 34; MP restored: 4 You see here a +0 flail.
There is a stone staircase leading up here.
There is an entrance to Juys's General Store here.
Done exploring.
Done exploring.
(D) Dungeon
Where to? (Enter - D:2, ? - help)
You enter the shallow water.
Moving in this stuff is going to be slow.
There is a stone staircase leading up here.
There is a stone staircase leading down here.
You climb downwards.
There is a stone staircase leading up here.
No target in view!
Grinder comes into view.
You shoot an arrow. The arrow hits Grinder.
Grinder shouts!
Grinder gestures at you.
Your stasis prevents you from being paralysed.
You shoot an arrow.
The arrow hits Grinder but does no damage.
You shoot an arrow. The arrow barely misses Grinder.
A bat comes into view.
You shoot an arrow.
The arrow hits Grinder but does no damage.
Grinder blinks!
The bat is sucked into a shaft!
The shaft crumbles and collapses.
No target in view!
No target in view!
No target in view!
Unknown command.
There is a stone staircase leading up here.
You shoot an arrow. The arrow hits Grinder.
You shoot an arrow. The arrow hits Grinder!
You shoot an arrow. The arrow closely misses Grinder.
Grinder gestures at you.
Your stasis prevents you from being paralysed.
Grinder gestures at you. Pain shoots through your body!
You are too injured to fight recklessly!
You take 14 damage, and have 20/34 hp.
MASSIVE DAMAGE!!
You are too injured to fight recklessly!
You are too injured to fight recklessly!
You are too injured to fight recklessly!
Unknown command.
Fire: a) +0 shortbow
Aim: Grinder (heavily wounded, 61% to hit)
You shoot an arrow. The arrow barely misses Grinder.
Grinder blinks!
Fire: a) +0 shortbow
Aim: Grinder (heavily wounded, 61% to hit)
You shoot an arrow.
The arrow hits Grinder but does no damage.
Grinder gestures at you. Pain shoots through your body!
You take 9 damage, and have 11/34 hp.
MASSIVE DAMAGE!!
Fire: a) +0 shortbow
Aim: Grinder (heavily wounded, 61% to hit)
You shoot an arrow. The arrow hits Grinder!
Fire: a) +0 shortbow
Aim: Grinder (severely wounded, 61% to hit)
You shoot an arrow. The arrow hits Grinder!
Fire: a) +0 shortbow
Aim: Grinder (almost dead, 61% to hit)
You shoot an arrow. The arrow hits Grinder.
Grinder gestures at you. Pain shoots through your body!
You die...

+..... .......
#..... ...#...
...... .......
......#+#.......
................
#.....(#......
#.#.............
..............##
...#...@5.....#
#..#.......#
...........$.#
...#...........+
.. #....#...#.##
. +.##.###.....
#. ..# ##... +
[.. ..


You could see Grinder.

Vanquished Creatures
  An adder (D:2)
  A worm (D:2)
  5 endoplasms
  3 giant cockroaches
  2 goblins (D:2)
  5 hobgoblins
  4 ball pythons
  2 bats
  6 frilled lizards (D:1)
  4 kobolds
  3 rats
36 creatures vanquished.

Notes
Turn   | Place    | Note
-------+----------+-------------------------------------------
     0 | D:1      | OTABOTABOTAB the Formicid Hunter began the quest for the
                  | Orb.
     0 | D:1      | Reached XP level 1. HP: 16/16 MP: 1/1
   231 | D:1      | Reached XP level 2. HP: 23/23 MP: 2/2
   245 | D:1      | Reached skill level 2 in Dodging
   667 | D:1      | Found a faded altar of an unknown god.
   855 | D:1      | Reached XP level 3. HP: 28/28 MP: 3/3
  1276 | D:2      | Found Juys's General Store.
  1417 | D:2      | Found Kuinol's Magic Scroll Shoppe.
  1427 | D:2      | Bought a scroll of identify for 22 gold pieces
  1481 | D:2      | Found Ruownu's Weapon Shoppe.
  1622 | D:2      | Found Kaihum's Distillery.
  1717 | D:2      | Identified the +9 dagger "Undertaker" {freeze, Will+ rCorr
                  | Str+3 Dex+4}
  1727 | D:2      | Reached XP level 4. HP: 34/34 MP: 4/4
  1825 | D:3      | Noticed Grinder
  1841 | D:3      | Killed from afar by Grinder

Illustrated notes

Levels and vault maps discovered:
D:1:      lemuel_arrival_behind_the_door_small, layout_basic,
          hellmonk_ecumenical_altar_heavens_door
D:2:      layout_basic, serial_shops, nicolae_diamond_shop, shop, shop,
          nicolae_shop_waterfront
D:3:      layout_basic, elyvilon_altar_4, uniq_grinder

Skill      XL: |  1  2 |
---------------+-------+-----
Dodging        | 2 |  2.2
Fighting       | |  2.8
Ranged Weapons | |  4.7
Stealth        | |  1.2

Action                     |  1- 3 |  4- 6 || total
---------------------------+-------+-------++-------
   Fire: Shortbow          |    84 |    12 ||    96
    Use: Scroll            |     5 |       ||     5
 Armour: Leather armour    |     8 |       ||     8
  Dodge: Dodged            |     8 |       ||     8

Table legend: (Time is in decaauts)
 A = Elapsed time spent in this place.
 B = Non-inter-level travel time spent in this place.
 C = Inter-level travel time spent in this place.
 D = Time resting spent in this place.
 E = Time spent auto-exploring this place.
 F = Levels seen in this place.
 G = Mean time per level.
                   A        B        C        D        E       F      G
               +--------+--------+--------+--------+--------+-----+--------+
         Total |   1869 |   1838 |     31 |      0 |   1616 |   3 |  623.0 |
       Dungeon |   1869 |   1838 |     31 |      0 |   1616 |   3 |  623.0 |
               +--------+--------+--------+--------+--------+-----+--------+

Top non-repeatable levels by time:
     D:2: 928 daAuts
     D:1: 919 daAuts
     D:3: 21 daAuts

Table legend:
 A = Kills in this place as a percentage of kills in entire the game.
 B = Kills by you in this place as a percentage of kills by you in the entire game.
 C = Kills by friends in this place as a percentage of kills by friends in the entire game.
 D = Other kills in this place as a percentage of other kills in the entire game.
 E = Experience gained in this place as a percentage of experience gained in the entire game.
 F = Experience gained in this place divided by the number of levels of this place that you have seen.
                   A       B       C       D       E      F
               +-------+-------+-------+-------+-------+----------------------
         Total | 100.0 | 100.0 |   N/A |   N/A | 100.0 |  23.0
       Dungeon | 100.0 | 100.0 |   N/A |   N/A | 100.0 |  23.0
               +-------+-------+-------+-------+-------+----------------------
